Map: Equilibrium LE

Players

markol

  • Race: Zerg Zerg
  • League: Diamond
  • Spawn Location: 11:00

demzi - Winner!

  • Race: Zerg Zerg
  • League: Diamond
  • Spawn Location: 1:00

VOD

Have the link to the VOD?

Description

Time

  • Played on: March 24, 2024, 5:51 p.m.
  • Length: 8:34
Show
View Real Time Build Order
Export as new Build Order

markol Zerg 

Build Orders: Pool First 

Get SALT Encoding   

  12  0:05  Drone  
  13  0:12  Overlord  
  13  0:17  Drone  
  14  0:31  Drone  
  14  0:32  Drone  
  16  0:41  Spawning Pool  
  15  0:45  Drone  
  15  0:49  Extractor  
  15  0:51  Drone  
  16  1:18  Hatchery  
  15  1:28  Queen  
  15  1:30  Zergling x2  
  18  1:34  Drone  
  18  1:37  Drone  
  20  1:48  Drone  
  20  1:54  Overlord  
  21  2:04  Drone  
  22  2:11  Queen  
  24  2:16  Metabolic Boost  
  24  2:17  Drone  
  25  2:29  Queen  
  25  2:36  Drone x3  
  29  3:05  Drone x3  
  32  3:07  Spine Crawler  
  31  3:24  Hatchery  
  31  3:26  Extractor  
  29  3:27  Roach Warren  
  29  3:32  Drone x4  
  32  3:36  Overlord  
  32  3:45  Lair  
  32  3:57  Drone  
  32  3:58  Drone x2  
  32  4:00  Drone  
  36  4:05  Evolution Chamber  
  36  4:08  Drone x2  
  37  4:14  Drone  
  37  4:15  Drone x2  
  40  4:20  Queen  
  42  4:25  Overlord  
  42  4:41  Drone  
  42  4:42  Drone x6  
  42  4:44  Overlord  
  49  4:47  Zerg Missile Weapons Level 1  
  49  4:54  Evolution Chamber  
  49  4:56  Pneumatized Carapace  
  48  5:01  Burrow  
  48  5:02  Extractor  
  47  5:07  Roach  
  47  5:08  Roach x2  
  47  5:09  Roach  
  55  5:16  Overseer  
  55  5:22  Roach  
  55  5:23  Roach x4  
  55  5:25  Glial Reconstitution  
  65  5:37  Overlord x3  
  65  5:38  Spore Crawler  
  64  6:03  Roach  
  64  6:04  Roach x6  
  78  6:15  Extractor  
  77  6:30  Hatchery  
  77  6:31  Roach x6  
  88  6:49  Drone  
  89  7:12  Zergling x10  
  89  7:13  Zergling x8  
  86  7:17  Overlord  
  86  7:18  Overlord x2  
  74  7:28  Roach  
  74  7:29  Roach x7  
  77  7:47  Spine Crawler  
  77  7:48  Roach x3  
  77  7:51  Spine Crawler  
  73  8:04  Roach x4  
  73  8:05  Roach  
Show
View Real Time Build Order
Export as new Build Order

demzi Zerg - Winner!

Build Orders: Hatch First 

Get SALT Encoding   

  12  0:08  Overlord  
  12  0:13  Drone  
  13  0:18  Drone  
  14  0:26  Drone  
  15  0:30  Drone  
  16  0:50  Hatchery  
  16  0:54  Drone  
  16  0:59  Drone  
  16  1:02  Drone  
  18  1:09  Extractor  
  17  1:17  Spawning Pool  
  16  1:19  Drone  
  16  1:24  Drone  
  18  1:34  Drone  
  19  1:45  Drone  
  20  1:56  Overlord  
  20  2:04  Queen  
  20  2:05  Queen  
  20  2:07  Zergling x4  
  26  2:13  Drone  
  27  2:17  Drone  
  28  2:39  Hatchery  
  28  2:43  Evolution Chamber  
  26  2:44  Evolution Chamber  
  26  2:47  Spine Crawler  
  24  2:53  Drone x4  
  24  2:54  Drone  
  29  3:02  Queen  
  31  3:08  Drone  
  31  3:09  Drone  
  33  3:19  Roach Warren  
  32  3:21  Drone x2  
  32  3:25  Overlord  
  34  3:31  Overlord  
  34  3:33  Drone  
  35  3:35  Drone  
  36  3:44  Drone, Overlord  
  36  3:45  Drone  
  36  3:46  Drone  
  36  3:48  Drone  
  40  3:56  Drone x4  
  40  3:58  Drone  
  40  4:02  Drone x2, Extractor  
  46  4:04  Drone  
  46  4:09  Extractor  
  46  4:10  Drone x2  
  46  4:11  Extractor  
  46  4:12  Drone  
  46  4:16  Drone x2  
  50  4:28  Drone x3  
  53  4:39  Overlord  
  53  4:40  Overlord x2  
  53  4:41  Overlord  
  55  4:45  Roach  
  55  4:46  Roach x3  
  55  4:48  Roach  
  63  4:57  Zerg Missile Weapons Level 1  
  63  5:04  Overlord x4  
  63  5:12  Zerg Ground Armor Level 1, Overlord  
  63  5:15  Overlord  
  63  5:24  Roach  
  63  5:25  Roach x3  
  63  5:27  Roach  
  73  5:30  Roach  
  73  5:33  Roach  
  73  5:35  Roach  
  79  5:39  Roach  
  79  5:40  Roach  
  83  5:43  Roach  
  83  5:49  Roach x2  
  89  5:50  Roach  
  91  5:59  Roach x3  
  91  6:00  Roach  
  99  6:16  Lair  
  99  6:17  Roach  
  99  6:18  Roach x4  
  109  6:23  Roach x2  
  109  6:24  Roach  
  115  6:26  Roach  
  117  6:39  Roach x5  
  126  7:00  Roach  
  126  7:01  Roach x8  
  133  7:15  Roach  
  125  7:16  Roach x4  
  123  7:26  Roach  
  123  7:27  Roach x3  
  129  7:41  Roach  
  129  7:42  Roach x6  
  133  8:01  Roach x6  
  133  8:02  Roach  
  135  8:13  Roach  
  135  8:14  Roach x4  
Tags
 
Add a new tag
Caveats
  • Supply blocks, unpowered buildings, or Contaminate may cause inaccurate times.
  • Supply counts are checked every 10 seconds.